Map: Prion Terraces

Players

Basior - Winner!

  • Race: Terran Terran
  • League: Master

PtitDrogo

  • Race: Protoss Protoss
  • League: Master

Event: DreamHack ZOWIE Open Leipzig

VOD

Have the link to the VOD?

Description

Time

  • Played on: Jan. 22, 2016, 11:06 a.m.
  • Length: 13:46

All games in this series

Show
View Real Time Build Order
Export as new Build Order

Basior Terran - Winner!

Build Orders: MMM Bio 

Get SALT Encoding   

  12  0:00  SCV  
  13  0:12  SCV  
  14  0:18  Supply Depot  
  14  0:24  SCV  
  15  0:41  Barracks  
  15  0:45  SCV, Refinery  
  16  0:57  SCV  
  17  1:09  SCV  
  19  1:27  Orbital Command  
  19  1:28  Reaper  
  19  1:34  Refinery  
  19  1:40  Supply Depot  
  19  1:54  Bunker  
  19  1:55  SCV  
  19  2:00  Reaper  
  21  2:07  SCV  
  21  2:19  SCV  
  22  2:31  SCV  
  22  2:32  Reaper  
  24  2:43  Factory  
  24  2:44  SCV  
  23  2:51  Command Center  
  23  2:56  SCV  
  24  3:08  SCV  
  24  3:10  Command Center  
  25  3:18  Barracks  
  25  3:21  SCV  
  25  3:26  Factory Tech Lab  
  26  3:33  SCV  
  27  3:45  SCV  
  27  3:47  Barracks  
  28  3:50  Cyclone  
  28  3:54  Engineering Bay  
  31  4:03  SCV, Orbital Command  
  31  4:05  Barracks Reactor  
  32  4:15  SCV  
  33  4:21  Missile Turret  
  33  4:23  Missile Turret  
  33  4:28  Orbital Command  
  33  4:30  Missile Turret  
  33  4:31  SCV  
  33  4:33  SCV  
  33  4:36  Barracks Tech Lab  
  35  4:43  Marine x2  
  40  4:45  Siege Tank  
  40  4:47  SCV  
  40  4:51  SCV  
  42  4:54  Bunker  
  42  4:56  Marine  
  42  4:58  Stimpack  
  43  5:01  SCV, Marine  
  43  5:03  SCV  
  43  5:04  SCV  
  43  5:06  Marine  
  48  5:09  Terran Infantry Weapons Level 1  
  48  5:14  SCV  
  48  5:15  SCV, Starport  
  50  5:22  SCV  
  50  5:24  Siege Tank  
  50  5:25  Marine  
  50  5:26  SCV  
  50  5:27  SCV  
  57  5:34  SCV  
  57  5:35  Marine x2  
  58  5:36  Refinery  
  58  5:39  SCV  
  60  5:43  Supply Depot  
  60  5:45  Supply Depot, Liberator  
  59  5:53  SCV x2  
  61  6:01  Marine  
  61  6:02  Marine x2  
  61  6:03  Supply Depot  
  67  6:15  SCV x2  
  67  6:16  SCV  
  69  6:18  Refinery  
  69  6:19  Marine x3  
  72  6:27  Supply Depot, SCV, Liberator  
  72  6:28  SCV, Starport  
  72  6:29  SCV, Factory Tech Lab  
  75  6:34  Supply Depot  
  75  6:37  Marine  
  75  6:39  SCV  
  77  6:40  SCV  
  77  6:41  SCV, Marine x2  
  83  6:51  Orbital Command  
  83  6:52  SCV x2  
  86  6:55  Marine  
  86  6:58  Siege Tank  
  86  6:59  Marine  
  90  7:03  Terran Infantry Armor Level 1, Supply Depot, Liberator  
  90  7:04  SCV  
  90  7:06  SCV, Supply Depot  
  90  7:07  Combat Shields, Marine  
  93  7:10  Supply Depot  
  93  7:15  Marine  
  94  7:16  SCV, Marine  
  94  7:18  SCV  
  94  7:22  Liberator  
  100  7:24  Marine  
  100  7:27  SCV  
  100  7:28  SCV  
  102  7:30  SCV  
  103  7:38  Missile Turret  
  103  7:40  Bunker  
  103  7:43  Marine x3  
  109  7:45  SCV x2  
  109  7:48  Liberator  
  109  7:54  SCV  
  109  7:55  Refinery  
  109  7:58  SCV x2, Fusion Core  
  112  8:01  Marine x2  
  112  8:04  Refinery  
  114  8:06  SCV, Marine  
  119  8:13  Supply Depot  
  119  8:15  Supply Depot  
  119  8:16  Supply Depot  
  119  8:19  Marine x2  
  121  8:24  Marine  
  121  8:25  Barracks  
  121  8:26  Starport Reactor  
  122  8:27  Barracks  
  122  8:28  Barracks  
  122  8:37  Marine x2  
  122  8:40  SCV x2  
  126  8:42  Command Center, Marine  
  126  8:44  Liberator  
  104  8:52  Liberator x2  
  104  8:54  Marine x2  
  95  8:56  SCV  
  95  9:00  Marine  
  100  9:04  Engineering Bay  
  100  9:05  Armory  
  106  9:12  Marine x2  
  106  9:15  Concussive Shells  
  109  9:18  Marine  
  109  9:20  Barracks Reactor  
  109  9:23  Ghost Academy  
  110  9:26  Liberator  
  110  9:28  Siege Tank  
  110  9:29  Barracks Reactor  
  110  9:30  Barracks Tech Lab, Marine x2  
  114  9:34  Liberator  
  114  9:35  Marine  
  114  9:36  Barracks  
  115  9:39  Barracks, Liberator  
  118  9:48  Marine x2  
  120  9:54  Marauder  
  120  9:58  Marine  
  120  9:59  Marine  
  123  10:02  Marine  
  123  10:06  Marine x2  
  122  10:08  Supply Depot, Marine x2  
  122  10:09  Liberator  
  122  10:12  Supply Depot  
  124  10:15  Supply Depot, Marine  
  124  10:16  Marine x2  
  124  10:21  Marauder  
  129  10:23  Marine  
  129  10:24  Marine  
  129  10:26  Marine x2  
  136  10:30  SCV  
  136  10:34  Missile Turret, Marine x2  
  140  10:36  Planetary Fortress  
  140  10:37  Medivac  
  140  10:41  Ghost, Marine x2  
  145  10:43  Ghost  
  145  10:44  Marine x2  
  145  10:45  Medivac  
  145  10:46  Missile Turret  
  151  10:50  Liberator  
  151  10:52  Marine x2  
  151  10:57  SCV x3  
  153  10:59  Marine x3  
  158  11:05  Marine x2  
  158  11:09  SCV, Ghost  
  158  11:10  Marine x2  
  168  11:11  Ghost  
  168  11:12  Barracks Reactor  
  168  11:16  Refinery  
  168  11:17  Refinery, Marine x2  
  172  11:21  Sensor Tower, Marine  
  172  11:23  Marine  
  172  11:24  Medivac  
  169  11:40  Marine x3  
  169  11:41  Marine x3  
  169  11:43  Marine  
  169  11:45  Marine x2  
  175  11:51  Marine x2  
  171  11:58  Marine x3  
  171  11:59  Marine  
  166  12:09  Marauder, Marine x4  
  166  12:10  Marine, Marauder  
  175  12:16  Marine x3  
  175  12:17  Marine  
  176  12:24  Medivac  
  176  12:25  Medivac  
  176  12:27  Marine x5  
  162  12:30  Marine  
  162  12:31  Marauder  
  162  12:33  Command Center  
  162  12:34  Marine x3  
  165  12:42  Marine  
  158  12:45  Marine x5  
  158  12:48  Marine  
  159  12:51  Marine  
  159  12:52  Marine  
  159  12:56  Marine x2  
  148  13:08  Marauder, Marine x2  
  148  13:10  SCV, Marauder  
Show
View Real Time Build Order
Export as new Build Order

PtitDrogo Protoss 

Build Orders: 1 Gate Expand 

Get SALT Encoding   

  12  0:01  Probe (Chrono Boost)  
  13  0:11  Probe (Chrono Boost)  
  14  0:18  Pylon  
  14  0:22  Probe (Chrono Boost)  
  15  0:36  Gateway, Probe (Chrono Boost)  
  15  0:42  Assimilator  
  16  0:46  Probe (Chrono Boost)  
  17  0:57  Probe (Chrono Boost)  
  18  1:08  Probe (Chrono Boost)  
  19  1:20  Nexus  
  19  1:29  Cybernetics Core  
  19  1:31  Probe (Chrono Boost)  
  20  1:39  Zealot (Chrono Boost)  
  22  1:47  Pylon  
  22  1:48  Probe  
  22  1:53  Assimilator  
  23  2:09  Mothership Core (Chrono Boost)  
  24  2:28  Probe (Chrono Boost)  
  24  2:29  Stalker (Chrono Boost)  
  26  2:39  Probe  
  27  2:45  Probe  
  27  2:50  Warp Gate (Chrono Boost)  
  28  2:51  Probe  
  28  2:55  Pylon  
  28  2:57  Probe  
  30  3:00  Stalker  
  30  3:04  Probe  
  33  3:10  Probe  
  34  3:16  Probe  
  35  3:22  Probe, Stargate  
  36  3:28  Probe  
  36  3:30  Stalker  
  36  3:34  Probe  
  40  3:40  Probe  
  41  3:46  Probe  
  42  3:54  Gateway, Probe (Chrono Boost)  
  43  3:56  Gateway  
  43  3:58  Probe (Chrono Boost)  
  44  4:02  Pylon  
  44  4:05  Probe (Chrono Boost)  
  44  4:08  Probe (Chrono Boost)  
  46  4:10  Phoenix (Chrono Boost)  
  46  4:16  Probe, Pylon  
  49  4:19  Probe  
  50  4:27  Assimilator  
  50  4:28  Probe  
  50  4:29  Assimilator  
  50  4:30  Probe  
  51  4:34  Phoenix (Chrono Boost)  
  54  4:40  Probe x2  
  56  4:51  Probe, Robotics Facility  
  57  4:56  Phoenix (Chrono Boost)  
  57  4:58  Stalker  
  61  5:01  Adept  
  61  5:04  Adept  
  61  5:05  Probe  
  61  5:06  Probe  
  66  5:14  Pylon  
  67  5:16  Probe, Pylon  
  67  5:17  Probe  
  69  5:30  Probe  
  69  5:32  Phoenix (Chrono Boost)  
  69  5:33  Probe  
  73  5:41  Nexus  
  73  5:43  Probe  
  74  5:51  Probe  
  74  5:54  Phoenix (Chrono Boost)  
  75  5:58  Probe  
  75  6:00  Twilight Council  
  75  6:02  Probe  
  78  6:04  Observer (Chrono Boost), Pylon  
  78  6:10  Probe  
  79  6:15  Probe, Phoenix (Chrono Boost)  
  82  6:20  Sentry  
  82  6:21  Probe  
  89  6:25  Immortal (Chrono Boost)  
  89  6:27  Probe  
  89  6:30  Adept x2  
  94  6:35  Gateway x2  
  94  6:37  Resonating Glaives (Chrono Boost)  
  94  6:51  Probe  
  94  6:53  Probe  
  96  6:55  Adept  
  96  6:56  Adept x2  
  102  7:02  Probe, Gateway  
  102  7:04  Gateway  
  102  7:05  Probe  
  102  7:07  Gateway  
  104  7:09  Pylon  
  104  7:10  Gateway  
  104  7:12  Probe  
  105  7:16  Pylon  
  105  7:18  Pylon  
  105  7:20  Stalker x2  
  107  7:30  Warp Prism (Chrono Boost)  
  109  7:38  Adept x3, Assimilator x2  
  115  7:52  Adept x2  
  115  7:56  Pylon x2  
  119  7:58  Pylon  
  119  8:00  Pylon  
  119  8:02  Adept x4  
  119  8:03  Adept  
  129  8:08  Adept x2  
  133  8:24  Adept  
  133  8:25  Adept x6  
  147  8:28  Adept x2  
  147  8:32  Templar Archives  
  151  8:46  Probe  
  114  8:55  Probe  
  71  8:57  Psionic Storm  
  71  9:01  Adept x4, Forge  
  71  9:02  Adept x5  
  89  9:03  Forge  
  89  9:07  Immortal (Chrono Boost)  
  93  9:21  High Templar  
  93  9:22  Nexus, High Templar x3  
  101  9:29  Adept, Protoss Ground Weapons Level 1 (Chrono Boost)  
  101  9:30  Adept x3  
  109  9:33  Sentry  
  111  9:41  Protoss Ground Armor Level 1 (Chrono Boost)  
  111  10:04  Stargate  
  103  10:10  Adept x3  
  103  10:11  Adept  
  111  10:15  Zealot  
  111  10:16  Adept x4  
  111  10:19  Void Ray (Chrono Boost)  
  125  10:25  Fleet Beacon, Assimilator  
  125  10:26  Assimilator  
  125  10:35  Stalker x3  
  131  11:01  Pylon  
  131  11:03  Pylon  
  131  11:09  Tempest (Chrono Boost)  
  139  11:13  Adept x5  
  139  11:14  Tempest (Chrono Boost), Zealot x4  
  139  11:17  Charge (Chrono Boost)  
  156  11:41  High Templar x2  
  156  11:42  High Templar  
  158  11:50  Archon  
  158  11:52  Stalker x5  
  158  11:53  Stalker  
  134  12:15  Tempest (Chrono Boost)  
  142  12:17  Tempest (Chrono Boost)  
  142  12:20  Stalker x3  
  142  12:21  Stalker  
  127  12:40  Zealot x2  
  127  12:41  Zealot  
  117  12:55  Adept x4, Tempest  
  97  13:10  Adept x3  
  101  13:25  Adept x4  
  85  13:31  Adept x2  
  85  13:32  Adept  

Tags
 
Add a new tag
Caveats
  • Supply blocks, unpowered buildings, or Contaminate may cause inaccurate times.
  • Supply counts are checked every 10 seconds.